 Dungeon Crawl Stone Soup version 0.18.1-48-g4cf74bf (console) character file.

244 Kloppie the Skirmisher (level 6, -6/56 HPs)
             Began as a Hill Orc Abyssal Knight on July 13, 2016.
             Was a Believer of Lugonu.
             Mangled by an ogre
             ... wielding a +0 giant club
              (9 damage)
             ... on level 4 of the Dungeon.
             The game lasted 00:05:52 (4558 turns).

Kloppie the Skirmisher (Hill Orc Abyssal Knight)    Turns: 4558, Time: 00:05:53

Health: -6/56      AC: 11    Str: 16    XL:     6   Next: 10%
Magic:  7/7        EV:  6    Int: 12    God:    Lugonu [**....]
Gold:   115        SH:  0    Dex: 11    Spells: 0 memorised, 5 levels left

rFire  . . .     SeeInvis .     q - +0 flail
rCold  . . .     Gourm    .     o - +0 chain mail
rNeg   . . .     Faith    .     (no shield)
rPois  .         Spirit   .     (no helmet)
rElec  .         Dismiss  .     (no cloak)
rCorr  .         Reflect  .     w - +1 pair of gloves
SustAt +         Harm     .     (no boots)
MR     .....                    (no amulet)
Stlth  ..........               e - ring of sustain attributes
                                j - +1 ring of protection

@: heavily drained, not resistant to hostile enchantments, extremely unstealthy
A: no striking features
a: Depart the Abyss, Bend Space, Renounce Religion


You were on level 4 of the Dungeon.
You worshipped Lugonu.
Lugonu was pleased with you.
You were not hungry.

You visited 1 branch of the dungeon, and saw 4 of its levels.
You visited the Abyss 1 time.

You collected 115 gold pieces.

Inventory:

Hand Weapons
 a - a +1 mace
 q - a +0 flail (weapon)
Armour
 g - a +0 ring mail
 o - a +0 chain mail (worn)
 w - a +1 pair of gloves (worn)
Jewellery
 e - a ring of sustain attributes (right hand)
 j - a +1 ring of protection (left hand)
 m - an uncursed amulet of the gourmand {unknown}
 s - an uncursed ring of wizardry
Scrolls
 h - 2 scrolls of remove curse
 l - a scroll of fog
 n - a scroll of blinking {unknown}
Potions
 d - a potion of mutation
 i - a potion of ambrosia
 v - a potion of brilliance
Books
 k - a book of Geomancy

   Spells                             Type                      Level
   a - Sandblast                      Earth                        1
   b - Passwall                       Transmutation/Earth          2
   c - Stone Arrow                    Conjuration/Earth            3
   d - Petrify                        Transmutation/Earth          4
   e - Lee's Rapid Deconstruction     Earth                        5
Comestibles
 c - 2 bread rations
 f - 6 fruits
 p - 2 beef jerkies
 r - a meat ration


   Skills:
 + Level 5.5(3.6) Fighting
 + Level 4.2(2.4) Maces & Flails
 + Level 4.1(2.3) Armour
 - Level 0.7(0.0) Dodging
 - Level 2.4(0.6) Invocations


You had 5 spell levels left.
You didn't know any spells.

Dungeon Overview and Level Annotations

Branches:
Dungeon (4/15)
 Temple: D:4-7

Altars:
Okawaru
Pakellas
Ru
Trog
Yredelemnul


Message History

The ogre is severely wounded.
The ogre hits you with a giant club!
* * * LOW HITPOINT WARNING * * *
You are too injured to fight recklessly!
You are too injured to fight recklessly!
You completely miss the ogre.
The ogre is severely wounded.
The ogre hits you with a giant club!
* * * LOW HITPOINT WARNING * * *
You hit the ogre.
The ogre is almost dead.
The ogre hits you but does no damage.
You completely miss the ogre.
The ogre is almost dead.
The ogre hits you with a giant club!
* * * LOW HITPOINT WARNING * * *
You hit the ogre.
The ogre is almost dead.
The ogre hits you with a giant club!
You die...

.. ##. ..#
####.. #.#
....> #. #...#
# #...# #...#
#..O## #..@.###
#..?<..#
#......# #
#........# ..
#..........#
.%)
............#
.....
..####.:.......
..... ##
##..##.....
..... #..#
#....


You could see an ogre.

Vanquished Creatures
  An orc priest (D:3)
  A worker ant (D:3)
  An orc wizard (D:2)
  4 gnolls
  6 adders
  A worm (D:3)
  2 dart slugs
  3 giant geckos
  5 orcs
  6 giant cockroaches
  5 goblins
  7 hobgoblins
  2 jackals (D:3)
  10 bats
  2 giant newts (D:1)
  6 kobolds
  A quokka skeleton (D:3)
  7 rats
70 creatures vanquished.

Notes
Turn   | Place    | Note
--------------------------------------------------------------
     0 | Abyss:1  | Kloppie the Hill Orc Abyssal Knight began the quest for the Orb.
     0 | Abyss:1  | Reached XP level 1. HP: 19/19 MP: 2/2
     0 | D:1      | Escaped the Abyss
    57 | D:1      | Reached * piety under Lugonu
   192 | D:1      | Reached XP level 2. HP: 19/27 MP: 3/3
   733 | D:2      | Reached skill level 4 in Fighting
   752 | D:2      | Reached XP level 3. HP: 28/33 MP: 4/4
  1118 | D:2      | HP: 1/33 [gnoll/spear (3)]
  1425 | D:1      | Reached XP level 4. HP: 30/41 MP: 5/5
  1519 | D:1      | Reached ** piety under Lugonu
  1999 | D:2      | Found a bloodstained altar of Trog.
  2154 | D:2      | Reached XP level 5. HP: 27/47 MP: 6/6
  2339 | D:3      | Found an oddly glowing altar of Pakellas.
  2342 | D:3      | Found a sacrificial altar of Ru.
  2364 | D:3      | Found a basalt altar of Yredelemnul.
  2389 | D:3      | Reached skill level 5 in Fighting
  2692 | D:3      | Found an iron altar of Okawaru.
  4125 | D:4      | Noticed an ogre
  4189 | D:3      | Reached XP level 6. HP: 10/56 MP: 7/7
  4557 | D:4      | HP: 2/56 [ogre/giant club (10)]
  4558 | D:4      | Mangled by an ogre

Skill      XL: |  1  2  3  4  5 |
---------------+----------------+-----
Fighting       | 4 5 |  5.5
Maces & Flails | 3 4 |  4.2
Armour         | 3 4 |  4.1
Dodging        | |  0.7
Invocations    | |  2.4

Action                   |  1- 3 |  4- 6 || total
-------------------------+-------+-------++-------
Melee: Mace              |    77 |       ||    77
       Flail             |     9 |   214 ||   223
Invok: Depart the Abyss  |     1 |       ||     1
  Use: Scroll            |       |    11 ||    11
       Potion            |       |     2 ||     2
  Eat: Chunk             |     1 |    11 ||    12
Armor: Ring mail         |    36 |       ||    36
       Leather armour    |     1 |       ||     1
       Chain mail        |     7 |   135 ||   142
Dodge: Dodged            |    68 |    82 ||   150
